 Dungeon Crawl Stone Soup version 0.31.0-11-ge490571c62 (webtiles) character file.

Game seed: 11048977930468172788

9 browni3141 the Trooper (level 2, 24/24 HPs)
             Began as a Demonspawn Fighter on Jan 31, 2024.
             Got out of the dungeon alive.
             The game lasted 00:00:10 (192 turns).

browni3141 the Trooper (Demonspawn Fighter)          Turns: 192, Time: 00:00:11

Health: 24/24      AC:  6    Str: 16    XL:     2   Next: 3%
Magic:  2/2        EV:  8    Int:  8    God:
Gold:   25         SH:  4    Dex: 12    Spells: 1/1 levels left

rFire   . . .        a - +0 flail
rCold   . . .        c - +0 buckler
rNeg    . . .        b - +0 scale mail
rPois   .            (no helmet)
rElec   .            (no cloak)
rCorr   .            (no gloves)
SInv    .            (no boots)
Will    .....        (no amulet) Stlth
                     (no ring)
HPRegen 0.24/turn    (no ring)
MPRegen 0.08/turn

%: no passive effects
@: no status effects
A: foul stench 1
a: no special abilities


You escaped.
You visited 1 branch of the dungeon, and saw 1 of its levels.

You collected 25 gold pieces.

Inventory:

Hand Weapons
 a - a +0 flail (weapon)
Armour
 b - a +0 scale mail (worn)
 c - a +0 buckler (worn)
Jewellery
 e - a ring of fire
 f - a +4 ring of protection
Potions
 d - a potion of might


   Skills:
 + Level 3.1 Fighting
 + Level 2.0 Maces & Flails
 + Level 2.8 Armour
 + Level 2.8 Shields


You had one spell level left.
You didn't know any spells.
Your spell library contained the following spells:

 Spells                   Type           Power      Damage    Failure   Level
 Ensorcelled Hibernation  Hex/Ice        0%         N/A       97%         2
 Passwall                 Erth           0%         N/A       99%         3
 Swiftness                Air            0%         N/A       99%         3


Dungeon Overview and Level Annotations

Branches:
Dungeon (1/15)

Altars:


Innate Abilities, Weirdness & Mutations

You may rarely emit foul miasma when damaged in melee.


Message History

You barely miss the quokka. The quokka closely misses you.
The quokka bites you but does no damage.
A quokka is nearby!
You barely miss the quokka.
The quokka bites you but does no damage.
A quokka is nearby!
You thump the quokka!
You kill the quokka!
You now have 10 gold pieces.
An endoplasm comes into view.
The endoplasm quivers.
An endoplasm is nearby!
You completely miss the endoplasm. The endoplasm freezes you.
You are frozen.
You block the endoplasm's attack.
An endoplasm is nearby!
You hit the endoplasm.
The endoplasm is severely wounded.
The endoplasm hits you but does no damage.
An endoplasm is nearby!
You sock the endoplasm!
You kill the endoplasm!
You now have 25 gold pieces (gained 15).
You open the door.
There is an open door here.
A quokka comes into view.
A bat comes into view.
You block the quokka's attack.
There are monsters nearby!
You closely miss the quokka. You block the quokka's attack.
The bat barely misses you.
The quokka bites you but does no damage.
There are monsters nearby!
You miss the quokka. You block the bat's attack. The quokka barely misses you.
The quokka bites you.
There are monsters nearby!
You barely miss the quokka. The bat closely misses you.
The quokka bites you but does no damage.
The bat hits you but does no damage.
There are monsters nearby!
You closely miss the quokka. The bat hits you but does no damage.
You block the bat's attack.
The quokka bites you but does no damage. x2
There are monsters nearby!
There are monsters nearby!
You closely miss the quokka. The bat hits you but does no damage.
The bat barely misses you. The quokka bites you.
You sock the quokka!
You kill the quokka!
The bat barely misses you.
A bat is nearby!
The bat hits you but does no damage.
You see here a quokka corpse.
A bat is nearby!
The bat hits you but does no damage.
A bat is nearby!
You closely miss the bat. The bat hits you.
A bat is nearby!
You barely miss the bat. The bat hits you but does no damage.
The bat barely misses you.
A bat is nearby!
You barely miss the bat. The bat closely misses you.
The bat hits you but does no damage.
A bat is nearby!
You hit the bat but do no damage. The bat hits you but does no damage.
A bat is nearby!
The bat barely misses you.
A bat is nearby!
The bat hits you but does no damage.
A bat is nearby!
The bat completely misses you.
There is an open door here.
A bat is nearby!
You hit the bat but do no damage. You block the bat's attack.
The bat barely misses you.
A bat is nearby!
You thump the bat!
You kill the bat!
Your Maces & Flails skill increases to level 2!
You pick up a book of Burglary and begin reading...
You add the spells Ensorcelled Hibernation, Swiftness and Passwall to your library.
No target in view!
You open the door.
Found a stone staircase leading down.
No target in view!
There is an open door here.
There is an open door here.
An endoplasm comes into view.
The endoplasm quivers.
An endoplasm is nearby!
An endoplasm is nearby!
You sock the endoplasm!
You kill the endoplasm!
You have reached level 2!
Your demonic ancestry asserts itself...
You begin to emit a foul stench of rot and decay.
There is a staircase leading out of the dungeon here.
You can't go up here!
There is a staircase leading out of the dungeon here.
You have escaped!

...#.#....... #.#
...#.#....############## #.#
...#.#...#~.#.#..##...≈# #.#
##.#...#.#........#...# #.#
##.###.#.#........#...# ##.#
##.#....†##...........####..#
##.#.#.#.......~~~....#....##
##.#.#.#......~...~......###
##...#.#......~.@.~......#
######.#......~...~.....##
#### #.#.......~~~......#
'..# #.#.##............##
##.###.#.#.............#
##†.##...#.....#.#.....#
.....#..##~.##.#.#..#.##
.....'..###############
.....#>##


There were no monsters in sight!

Vanquished Creatures
  2 bats (D:1)
  2 endoplasms (D:1)
  2 quokkas (D:1)
  A frilled lizard (D:1)
7 creatures vanquished.

Notes
Turn   | Place    | Note
-------+----------+-------------------------------------------
     0 | D:1      | browni3141 the Demonspawn Fighter began the quest for the
                  | Orb.
     0 | D:1      | Reached XP level 1. HP: 18/18 MP: 1/1
   163 | D:1      | Gained mutation: You may rarely emit foul miasma when
                  | damaged in melee. [demonic ancestry]
   163 | D:1      | Reached XP level 2. HP: 24/24 MP: 2/2
   192 | D:$      | Got out of the dungeon alive.

Illustrated notes

Levels and vault maps discovered:
D:1:      enne_arrival_octagon_isle, layout_basic,
          nicolae_twisty_statue_hallways

Skill      XL: |  1 |
---------------+----+-----
Maces & Flails | 2 |  2.0
Fighting       | |  3.1
Armour         | |  2.8
Shields        | |  2.8

Action                     || total
---------------------------++-------
  Melee: Flail             ||    23
 Armour: Scale mail        ||    23
  Dodge: Dodged            ||    11
  Block: Buckler           ||     6
